 Dungeon Crawl Stone Soup version 0.28.0 (webtiles) character file.

Game seed: 2937862051032057307

2813 Dorkslayer the Covered (level 9, -4/68 HPs)
             Began as a Demonspawn Fighter on Sept 15, 2022.
             Was an Initiate of Gozag.
             Slain by a wight (7 damage)
             ... on level 7 of the Dungeon.
             The game lasted 00:21:34 (8766 turns).

Dorkslayer the Covered (Demonspawn Fighter)         Turns: 8766, Time: 00:21:34

Health: -4/68      AC: 11    Str: 24    XL:     9   Next: 44%
Magic:  18/18      EV: 14    Int: 11    God:    Gozag
Gold:   304        SH:  6    Dex: 19    Spells: 8/8 levels left

rFire   . . .      SeeInvis .   m - +1 trident "Jabomor" {freeze, MP+9 Str+5 Dex+4}
rCold   . . .      Faith    .   c - +0 buckler
rNeg    . . .      Spirit   .   d - +0 chain mail
rPois   +          Reflect  .   (helmet restricted)
rElec   .          Harm     .   o - +0 cloak
rCorr   .          Rampage  .   (no gloves)
Will    .....                   (no boots)
Stlth   ..........              (no amulet)
HPRegen 0.21/turn               k - +4 ring of evasion
MPRegen 0.16/turn               u - ring of poison resistance

@: no status effects
A: antennae 1, foul stench 2, big brain 1
a: Renounce Religion, Potion Petition, Call Merchant, Bribe Branch


You were on level 7 of the Dungeon.
You worshipped Gozag.
Gozag was aware of your devotion.
You visited 2 branches of the dungeon, and saw 8 of its levels.

You collected 377 gold pieces.
You paid 73 gold pieces to Gozag.

Inventory:

Hand Weapons
 a - a +1 long sword
 m - the +1 trident "Jabomor" (weapon) {freeze, MP+9 Str+5 Dex+4}
   (You found it on level 6 of the Dungeon)

   It freezes those it strikes, dealing additional cold damage.
   It can also slow down cold-blooded creatures.
   Str:       It affects your strength (+5).
   Dex:       It affects your dexterity (+4).
   MP:        It affects your magic capacity (+9).
Missiles
 e - a throwing net
 n - 12 boomerangs (quivered)
Armour
 c - a +0 buckler (worn)
 d - a +0 chain mail (worn)
 o - a +0 cloak (worn)
Jewellery
 b - a ring of positive energy
 k - a +4 ring of evasion (left hand)
 u - a ring of poison resistance (right hand)
Wands
 l - a wand of digging (6)
Scrolls
 g - a scroll of amnesia
 h - 4 scrolls of enchant armour
Potions
 f - a potion of brilliance
 i - a potion of flight
 p - a potion of mutation
 v - a potion of cancellation


   Skills:
 * Level 5.4 Fighting
 - Level 5.0 Long Blades
 * Level 5.7 Polearms
 + Level 0.1 Throwing
 + Level 6.1 Armour
 + Level 3.9 Dodging
 + Level 2.1 Stealth
 + Level 4.5 Shields


You had 8 spell levels left.
You didn't know any spells.
Your spell library contained the following spells:

 Spells                   Type           Power      Damage    Failure   Level
 Airstrike                Air            0%         N/A       100%        4
 Summon Lightning Spire   Summ/Air       0%         N/A       100%        4
 Lightning Bolt           Conj/Air       0%         1d11      100%        5


Dungeon Overview and Level Annotations

Branches:
Dungeon (7/15)             Temple (1/1) D:6

Altars:
Dithmenos
Gozag
Hepliaklqana
Ru
Trog
Uskayaw
Yredelemnul
Zin


Innate Abilities, Weirdness & Mutations

You have a pair of small antennae on your head.
You sometimes emit foul miasma when damaged in melee.
You have an unusually large brain. (Int +2)


Message History

The gnoll closely misses you. You block the gnoll's attack.
You block the yak's attack.
Unknown command.
Unknown command.
You barely miss the yak.
The yak is moderately wounded.
The yak gores you.
* * * LOW HITPOINT WARNING * * *
Okay, then.
Okay, then.
You open the door. The yak gores you but does no damage.
There is an open door here.
You open the door.
An iguana and 3 wights come into view.
The iguana hisses angrily.
The yak gores you but does no damage.
Found a bubbling blue potion and a runed whip.
The yak misses you. The wight closely misses you. The yak gores you!
* * * LOW HITPOINT WARNING * * *
The gnoll closely misses you.
You open the door. The gnoll misses you. The yak gores you.
* * * LOW HITPOINT WARNING * * *
The gnoll closely misses you. The yak closely misses you.
Found 17 gold pieces.
The gnoll misses you. The yak gores you but does no damage.
There is an open door here.
You puncture the yak! You freeze the yak.
The yak is heavily wounded.
You puncture the wight!
The wight is severely damaged.
The wight barely misses you. You block the yak's attack.
You barely miss the wight.
The wight is severely damaged.
The wight hits you but does no damage. The yak closely misses you.
You closely miss the wight.
The wight is severely damaged.
The wight hits you with a +4 hand axe!
You die...
Your body crumbles into a pile of gold.

#..g.#.# ####....#.#
#(...Y###.## #...Y...#Y.#
###.....#Y.# ######
#....####.#####
##....####....####g##..##
#.....#.....###YzYgz....#
#.....#.......#@#{......#
##....###.....#####l#####
#.....#....#### z..#
##.....#Y...# ......
.##.g.....### ........
.YY.........# .......!...
.##..##.....#
###..)###...
.##..##.###.# #...# ...
###..#... ...


You could see 2 yaks, 2 wights and 2 gnolls.

Vanquished Creatures
  Pikel (D:6)
  4 yaks (D:6)
  Edmund (D:4)
  An acid dragon (D:6)
  2 necrophages (D:6)
  2 ogres
  A phantom (D:4)
  2 scorpions
  3 wights (D:6)
  A bullfrog zombie (D:5)
  A centaur zombie (D:6)
  2 hounds
  2 jellies (D:6)
  A bullfrog skeleton (D:6)
  2 centaur skeletons
  3 orc priests (D:4)
  Crazy Yiuf (D:2)
  An iguana (D:5)
  Jessica (D:3)
  3 orc wizards (D:4)
  Natasha (thrice) (D:2)
  Terence (D:3)
  A killer bee zombie (D:5)
  Robin (D:4)
  6 gnolls
  A howler monkey skeleton (D:5)
  8 adders
  A white imp (D:6)
  A worm (D:2)
  2 dart slugs
  16 orcs
  6 bats
  11 endoplasms
  2 giant cockroaches (D:2)
  14 goblins
  8 hobgoblins
  4 jackals
  8 kobolds
  8 quokkas
  4 ball pythons
  A frilled lizard (D:2)
  3 rats
145 creatures vanquished.

Vanquished Creatures (others)
  A goblin (D:4)
  A plant (D:3)
2 creatures vanquished.

Grand Total: 147 creatures vanquished

Notes
Turn   | Place    | Note
-------+----------+-------------------------------------------
     0 | D:1      | Dorkslayer the Demonspawn Fighter began the quest for the
                  | Orb.
     0 | D:1      | Reached XP level 1. HP: 18/18 MP: 1/1
   419 | D:1      | Gained mutation: You may rarely emit foul miasma when
                  | damaged in melee. [demonic ancestry]
   419 | D:1      | Reached XP level 2. HP: 22/24 MP: 2/2
   948 | D:2      | Found a runed translucent door.
   949 | D:2      | Noticed Crazy Yiuf
   991 | D:2      | Reached XP level 3. HP: 25/29 MP: 3/3
  1550 | D:2      | Reached XP level 4. HP: 31/35 MP: 4/4
  1552 | D:2      | Reached skill level 3 in Armour
  1600 | D:2      | Noticed Natasha
  1603 | D:2      | Killed Natasha
  1604 | D:2      | Reached skill level 1 in Dodging
  1820 | D:2      | Found a shadowy altar of Dithmenos.
  2065 | D:2      | Noticed Natasha
  2081 | D:2      | Killed Natasha
  2241 | D:2      | Noticed Natasha
  2252 | D:2      | Killed Natasha
  2253 | D:2      | Gained mutation: You have an unusually large brain. (Int
                  | +2) [demonic ancestry]
  2253 | D:2      | Reached XP level 5. HP: 12/41 MP: 5/5
  2496 | D:2      | Killed Crazy Yiuf
  3227 | D:3      | Noticed Terence
  3233 | D:3      | Killed Terence
  3581 | D:3      | Noticed Jessica
  3585 | D:3      | Killed Jessica
  3586 | D:3      | Reached skill level 4 in Armour
  3690 | D:3      | Gained mutation: You have a pair of small antennae on your
                  | head. [demonic ancestry]
  3690 | D:3      | Reached XP level 6. HP: 36/47 MP: 6/6
  3917 | D:3      | Found a faded altar of an unknown god.
  4324 | D:4      | Noticed Robin
  4376 | D:4      | Killed Robin
  4399 | D:4      | Noticed Edmund
  4415 | D:4      | Killed Edmund
  4783 | D:4      | Gained mutation: You sometimes emit foul miasma when
                  | damaged in melee. [demonic ancestry]
  4783 | D:4      | Reached XP level 7. HP: 17/53 MP: 7/7
  5019 | D:4      | Found a sacrificial altar of Ru.
  5285 | D:4      | Reached skill level 1 in Stealth
  5810 | D:5      | Entered Level 5 of the Dungeon
  5871 | D:5      | Reached skill level 5 in Armour
  6737 | D:5      | Reached skill level 5 in Long Blades
  6960 | D:5      | Reached XP level 8. HP: 35/60 MP: 8/8
  6980 | D:6      | Identified the +1 trident "Jabomor" {freeze, MP+9 Str+5
                  | Dex+4}
  7150 | D:6      | Reached skill level 1 in Polearms
  7229 | D:6      | Found a staircase to the Ecumenical Temple.
  7269 | Temple   | Entered the Ecumenical Temple
  7483 | Temple   | Became a worshipper of Gozag Ym Sagoz the Greedy
  7542 | D:6      | Found a basalt altar of Yredelemnul.
  8243 | D:6      | Reached skill level 5 in Fighting
  8265 | D:6      | Reached skill level 6 in Armour
  8265 | D:6      | Reached XP level 9. HP: 23/68 MP: 9/9
  8486 | D:6      | Noticed Pikel
  8499 | D:6      | Killed Pikel
  8500 | D:6      | Reached skill level 5 in Polearms
  8759 | D:7      | HP: 2/68 [yak (9)]
  8766 | D:7      | Slain by a wight

Illustrated notes

Levels and vault maps discovered:
D:1:      dpeg_arrival_renting, layout_loops_ring, minmay_misc_feat_rugged,
          minmay_misc_feat_hallway, minmay_misc_feat_secret_circle
D:2:      minmay_spotlight, layout_loops_ring, basic_altar, minmay_circled_x,
          uniq_crazy_yiuf_cottage, uniq_natasha
D:3:      layout_loops_ring, zin_academy, chequers_ecumenical_altar_lobes,
          minmay_statues_item, minmay_three_crescents, uniq_jessica,
          uniq_terence
D:4:      cheibrodos_pilgrimage, layout_loops_corners,
          nicolae_ru_great_annihilating_truth, minivault_1, uniq_robin,
          uniq_edmund
D:5:      layout_loops_ring, chequers_avenue
D:6:      layout_rooms, yredelemnul_altar_generic, minmay_temple_entry_ruins,
          grunt_ministairs_13, uniq_pikel
D:7:      layout_gridville, enter_bailey_4, hangedman_decor_push
Temple:   eino_temple_scatter_basement

Skill      XL: |  1  2  3  4  5  6  7  8  9 |
---------------+----------------------------+-----
Long Blades    | 2 3 4 5 |  5.0
Shields        | 3 4 |  4.5
Armour         | 3 4 5 6 |  6.1
Dodging        | 1 2 3 |  3.9
Stealth        | 1 2 |  2.1
Fighting       | 4 5 |  5.4
Polearms       | 4 5 |  5.7
Throwing       | |  0.1

Action                   |  1- 3 |  4- 6 |  7- 9 || total
-------------------------+-------+-------+-------++-------
Melee: Long sword        |   127 |   171 |   137 ||   435
       Trident           |       |       |   136 ||   136
Throw: Boomerang         |       |     5 |     4 ||     9
Evoke: Wand              |       |       |     1 ||     1
  Use: Scroll            |       |     5 |    11 ||    16
       Potion            |       |     2 |     6 ||     8
 Stab: Paralysed         |       |       |     1 ||     1
Armor: Scale mail        |    57 |    70 |    63 ||   190
       Chain mail        |       |       |    33 ||    33
Dodge: Dodged            |    62 |   133 |   178 ||   373
Block: Buckler           |    39 |    43 |    79 ||   161
